 Dungeon Crawl Stone Soup version 0.23-a0-310-gdcc7a32 (webtiles) character file.

3726 epen the Martial Artist (level 10, -1/75 HPs)
             Began as a Gnoll Transmuter on Oct 12, 2018.
             Was a Priest of Cheibriados.
             Slain by Harold
             ... wielding a +3 trident of flaming
              (4 damage)
             ... on level 8 of the Dungeon.
             The game lasted 00:16:58 (7128 turns).

epen the Martial Artist (Gnoll Transmuter)          Turns: 7128, Time: 00:16:59

Health: -1/75      AC:  6    Str: 20    XL:     10   Next: 14%
Magic:  16/20      EV: 19    Int: 23    God:    Cheibriados [***...]
Gold:   474        SH:  0    Dex: 28    Spells: 13/23 levels left

rFire    . . .     SeeInvis .     - Unarmed
rCold    . . .     Gourm    .   (shield currently unavailable)
rNeg     . . .     Faith    +   b - +0 robe
rPois    .         Spirit   .   (no helmet)
rElec    .         Reflect  .   t - +0 cloak
rCorr    .         Harm     .   (gloves currently unavailable)
MR       .....                  f - +0 pair of boots
Stlth    +++++.....             x - amulet of faith
HPRegen  0.22/turn              (no ring)
MPRegen  0.17/turn              y - ring of stealth

@: blade hands, very slightly contaminated, invisible, very slow
A: distributed training, fangs 1, yellow scales 1, blurry vision 1, sense
surroundings 1, subdued magic 1, strong nose
a: End Transformation, Bend Time, Temporal Distortion, Renounce Religion


You were on level 8 of the Dungeon.
You worshipped Cheibriados.
Cheibriados was most pleased with you.
You were not hungry.
You had blades for hands.
You visited 2 branches of the dungeon, and saw 9 of its levels.

You collected 474 gold pieces.

Inventory:

Missiles
 a - 123 arrows
Armour
 b - a +0 robe (worn)
 d - a cursed +0 plate armour
 f - a +0 pair of boots (worn)
 t - a +0 cloak (worn)
Jewellery
 j - an uncursed ring of ice
 q - a +2 amulet of reflection
 r - an uncursed ring of ice
 x - an amulet of faith (around neck)
 y - a ring of stealth (right scythe-like blade)
Wands
 l - a wand of flame (25)
Scrolls
 e - a scroll of identify
 p - 2 scrolls of amnesia
Potions
 g - 2 potions of flight
 i - 3 potions of berserk rage
 k - 3 potions of ambrosia
 m - 3 potions of curing
 o - a potion of heal wounds {unknown}
 s - a potion of resistance
 w - 2 potions of cancellation {unknown}
Comestibles
 c - 9 rations
 n - 4 chunks of flesh


   Skills:
 + Level 5.6 Fighting
 + Level 4.9 Short Blades
 + Level 4.9 Long Blades
 + Level 4.9 Axes
 + Level 4.9 Maces & Flails
 + Level 4.9 Polearms
 + Level 4.9 Staves
 + Level 4.9 Slings
 + Level 4.9 Bows
 + Level 4.9 Crossbows
 + Level 4.9 Throwing
 + Level 4.9 Armour
 + Level 6.8 Dodging
 + Level 4.9 Stealth
 + Level 4.9 Shields
 + Level 8.3 Unarmed Combat
 + Level 7.1 Spellcasting
 + Level 4.0 Conjurations
 + Level 4.0 Hexes
 + Level 4.0 Charms
 + Level 4.0 Summonings
 + Level 4.0 Necromancy
 + Level 4.0 Translocations
 + Level 5.6 Transmutations
 + Level 4.0 Fire Magic
 + Level 4.0 Ice Magic
 + Level 4.0 Air Magic
 + Level 4.0 Earth Magic
 + Level 4.0 Poison Magic
 + Level 5.4 Invocations
 + Level 4.9 Evocations


You had 13 spell levels left.
You knew the following spells:

 Your Spells              Type           Power        Failure   Level  Hunger
a - Blade Hands           Tmut           ####......   58%         5    #####..
b - Spider Form           Tmut/Pois      ###.......   22%         3    None
c - Sticks to Snakes      Tmut           ####....     13%         2    None

Your spell library contained the following spells:

 Spells                   Type           Power        Failure   Level  Hunger
 Beastly Appendage        Tmut           ####..       11%         1    None
 Ice Form                 Ice/Tmut       ###.....     43%         4    ###....


Dungeon Overview and Level Annotations

Branches:
Dungeon (8/15)             Temple (1/1) D:6
   Lair: D:8-11

Altars:
Ashenzari
Cheibriados
Elyvilon
Fedhas
Gozag
Hepliaklqana
Kikubaaqudgha
Makhleb
Nemelex Xobeh
Okawaru
Qazlal
Ru
Sif Muna
Trog
Uskayaw
Vehumet
Xom
Yredelemnul
Zin
The Shining One

Annotations:
D:3 2 runed doors, eyesofgods1's ghost, novice DsMo
D:8 3 runed doors, Harold


Innate Abilities, Weirdness & Mutations

Your experience applies equally to all skills.
You have very sharp teeth.
Your uncanny sense of smell can sniff out nearby items.
You are partially covered in yellow scales. (AC +2)
Scrolls take you a little longer to read.
You passively map a small area around you.
Your spells are a little easier to cast, but a little less powerful.


Message History

* * * LOW HITPOINT WARNING * * *
Harold burns you.
* * * LOW HITPOINT WARNING * * *
Okay, then.
You fade into invisibility!
The wolf bites you!
* * * LOW HITPOINT WARNING * * *
The wolf misses you. Harold gestures at you while chanting.
The harpoon shot hits the wolf.
You are very lightly contaminated with residual magic.
You slash the wolf!
You kill the wolf!
Cheibriados thoroughly appreciates the change of pace.
You slice Harold!!
Harold is moderately wounded.
Harold hits you with a trident of flaming!
* * * LOW HITPOINT WARNING * * *
Harold burns you.
You die...

...............#
.......######### *
.......# ###### *
.......# #....#
......####....# ∆
..............###
*
.........####...#
, .......#.#
###.##### ,
.......#.# #(@@†)#
, ......##.###
*#####..# *
.......#(..#*
..,..#
#.####.###.# ,....
@.# * * ....##.#
#.##..... ... ,
.....#.###.....h..
.#.#*
.....#......#.....
.#..
._.............@..
.##.#
.....#..##..######
*


You could see Harold.

Vanquished Creatures
  Pikel (D:6)
  Grinder (D:6)
  A hippogriff (D:8)
  Sigmund (D:2)
  Menkaure (D:6)
  An ice beast (D:7)
  3 orc warriors
  A sky beast (D:6)
  A centaur (D:7)
  3 ogres
  2 wolves (D:8)
  4 bullfrogs
  A water moccasin zombie (D:6)
  A scorpion (D:6)
  3 killer bees (D:8)
  A centaur zombie (D:6)
  A crimson imp (D:6)
  A bullfrog zombie (D:8)
  3 orc priests
  2 hounds (D:6)
  5 jellies
  A bullfrog skeleton (D:8)
  3 centaur skeletons
  5 orc wizards
  4 iguanas
  6 worker ants
  A hound zombie (D:8)
  2 hound skeletons
  Robin (D:2)
  12 adders
  6 gnolls
  An ooze (D:7)
  An adder skeleton (D:7)
  6 dart slugs
  3 leopard geckos
  29 orcs
  5 bats
  6 giant cockroaches
  14 goblins
  11 hobgoblins
  10 jackals
  9 kobolds
  3 quokkas
  3 ball pythons
  2 frilled lizards
  A jackal zombie (D:7)
  A leopard gecko skeleton (D:6)
  2 quokka skeletons
  7 rats
193 creatures vanquished.

Vanquished Creatures (collateral kills)
  An adder (D:7)
1 creature vanquished.

Vanquished Creatures (others)
  A slave (D:6)
  A bullfrog (D:6)
  A hound (D:6)
  A gnoll (D:6)
  A quokka (D:3)
5 creatures vanquished.

Grand Total: 199 creatures vanquished

Notes
Turn   | Place    | Note
-------+----------+-------------------------------------------
     0 | D:1      | epen the Gnoll Transmuter began the quest for the Orb.
     0 | D:1      | Reached XP level 1. HP: 17/17 MP: 6/6
   270 | D:1      | Reached XP level 2. HP: 23/23 MP: 7/7
   764 | D:2      | Reached XP level 3. HP: 28/28 MP: 9/9
   776 | D:2      | Learned a level 3 spell: Spider Form
   782 | D:2      | Reached skill level 5 in Spellcasting
   874 | D:2      | Noticed Sigmund
   882 | D:2      | Killed Sigmund
   882 | D:2      | Reached skill level 1 in Short Blades
   882 | D:2      | Reached skill level 1 in Long Blades
   882 | D:2      | Reached skill level 1 in Axes
   882 | D:2      | Reached skill level 1 in Maces & Flails
   882 | D:2      | Reached skill level 1 in Polearms
   882 | D:2      | Reached skill level 1 in Staves
   882 | D:2      | Reached skill level 1 in Slings
   882 | D:2      | Reached skill level 1 in Bows
   882 | D:2      | Reached skill level 1 in Crossbows
   882 | D:2      | Reached skill level 1 in Throwing
   882 | D:2      | Reached skill level 1 in Armour
   882 | D:2      | Reached skill level 1 in Stealth
   882 | D:2      | Reached skill level 1 in Shields
   882 | D:2      | Reached skill level 1 in Conjurations
   882 | D:2      | Reached skill level 1 in Hexes
   882 | D:2      | Reached skill level 1 in Charms
   882 | D:2      | Reached skill level 1 in Summonings
   882 | D:2      | Reached skill level 1 in Necromancy
   882 | D:2      | Reached skill level 1 in Translocations
   882 | D:2      | Reached skill level 1 in Fire Magic
   882 | D:2      | Reached skill level 1 in Ice Magic
   882 | D:2      | Reached skill level 1 in Air Magic
   882 | D:2      | Reached skill level 1 in Earth Magic
   882 | D:2      | Reached skill level 1 in Poison Magic
   882 | D:2      | Reached skill level 1 in Invocations
   882 | D:2      | Reached skill level 1 in Evocations
   882 | D:2      | Reached XP level 4. HP: 29/35 MP: 7/11
   882 | D:2      | Reached XP level 5. HP: 34/41 MP: 7/12
  1058 | D:2      | Reached XP level 6. HP: 34/47 MP: 13/13
  1183 | D:2      | Noticed Robin
  1353 | D:2      | Killed Robin
  1608 | D:3      | Found a white marble altar of Elyvilon.
  1684 | D:3      | Reached skill level 5 in Dodging
  1873 | D:3      | Found a large runed door.
  1874 | D:3      | Found a large runed door.
  1876 | D:3      | Noticed eyesofgods1's ghost (novice DsMo)
  2044 | D:4      | Learned a level 5 spell: Blade Hands
  2269 | D:4      | Reached XP level 7. HP: 32/52 MP: 13/15
  2445 | D:4      | Found a hazy altar of Hepliaklqana.
  2564 | D:4      | Reached skill level 7 in Unarmed Combat
  2874 | D:5      | Entered Level 5 of the Dungeon
  3070 | D:5      | Found a shattered altar of Ashenzari.
  3434 | D:5      | Found a glowing golden altar of the Shining One.
  3441 | D:5      | Found a radiant altar of Vehumet.
  3760 | D:6      | Reached XP level 8. HP: 60/60 MP: 16/16
  3807 | D:6      | Noticed Menkaure
  3819 | D:6      | Killed Menkaure
  3931 | D:6      | Found a staircase to the Ecumenical Temple.
  3939 | Temple   | Entered the Ecumenical Temple
  4001 | Temple   | Became a worshipper of Cheibriados the Contemplative
  4077 | D:6      | Noticed Pikel
  4083 | D:6      | Noticed Grinder
  4092 | D:6      | Killed Pikel
  4110 | D:6      | Killed Grinder
  4110 | D:6      | Reached skill level 5 in Transmutations
  4110 | D:6      | Reached XP level 9. HP: 64/66 MP: 15/18
  4516 | D:6      | Reached * piety under Cheibriados
  5001 | D:6      | Learned a level 2 spell: Sticks to Snakes
  5385 | D:7      | Reached skill level 5 in Fighting
  5839 | D:7      | Reached ** piety under Cheibriados
  5925 | D:7      | Gained mutation: Scrolls take you a little longer to read.
                  | [potion of mutation]
  5925 | D:7      | Gained mutation: You passively map a small area around you.
                  | [potion of mutation]
  5925 | D:7      | Gained mutation: Your spells are a little easier to cast,
                  | but a little less powerful. [potion of mutation]
  5925 | D:7      | Gained mutation: You are partially covered in yellow
                  | scales. (AC +2) [potion of mutation]
  6016 | D:7      | Reached skill level 8 in Unarmed Combat
  6241 | D:7      | Reached skill level 5 in Invocations
  6286 | D:7      | Found a white marble altar of Elyvilon.
  6671 | D:8      | Reached *** piety under Cheibriados
  6796 | D:8      | Reached XP level 10. HP: 67/74 MP: 14/20
  6837 | D:8      | Found a sacrificial altar of Ru.
  6926 | D:8      | Found a runed gate.
  6926 | D:8      | Found a runed gate.
  6927 | D:8      | Found a runed gate.
  6927 | D:8      | Noticed Harold
  7128 | D:8      | HP: 3/75 [Harold/trident of flaming (7)]
  7128 | D:8      | Slain by Harold

Vault maps used:
D:1:      saegor_arrival_miasma
D:2:      uniq_robin, uniq_sigmund
D:3:      first_ration, ebering_ghost_disaster_area, elyvilon_altar_4
D:4:      nicolae_overflow_hidden_temple, minivault_23, minmay_misc_feat_pillars
D:5:      evilmike_ruin_ashenzari, gammafunk_temple_overflow_statue,
          serial_co_window_serial, co_window_of_opportunity_a,
          co_window_paths_b, co_window_cross_1, co_window_paths_a,
          co_window_paths_a, co_window_corner_a, co_window_corner_a,
          co_window_unsneaky_path_c, co_window_corner_b,
          co_window_of_opportunity_c, glass_columns_a, glass_columns_a
D:6:      temple_green, hangedman_decor_growths, minivault_25, corner_web_ring,
          st_stairs_3, uniq_pikel, uniq_menkaure, uniq_grinder
D:7:      nicolae_overflow_crystal_walls
D:8:      old_standard_altar, gammafunk_ghost_hydra_chop, uniq_harold, uniq_grum
Temple:   nicolae_temple_great_sept

Skill      XL: |  1  2  3  4  5  6  7  8  9 10 |
---------------+-------------------------------+-----
Spellcasting   | 5 6 7 |  7.1
Fighting       | 3 4 5 |  5.6
Short Blades   | 1 2 3 4 |  4.9
Long Blades    | 1 2 3 4 |  4.9
Axes           | 1 2 3 4 |  4.9
Maces & Flails | 1 2 3 4 |  4.9
Polearms       | 1 2 3 4 |  4.9
Staves         | 1 2 3 4 |  4.9
Slings         | 1 2 3 4 |  4.9
Bows           | 1 2 3 4 |  4.9
Crossbows      | 1 2 3 4 |  4.9
Throwing       | 1 2 3 4 |  4.9
Armour         | 1 2 3 4 |  4.9
Stealth        | 1 2 3 4 |  4.9
Shields        | 1 2 3 4 |  4.9
Conjurations   | 1 2 3 4 |  4.0
Hexes          | 1 2 3 4 |  4.0
Charms         | 1 2 3 4 |  4.0
Summonings     | 1 2 3 4 |  4.0
Necromancy     | 1 2 3 4 |  4.0
Translocations | 1 2 3 4 |  4.0
Transmutations | 4 5 |  5.6
Fire Magic     | 1 2 3 4 |  4.0
Ice Magic      | 1 2 3 4 |  4.0
Air Magic      | 1 2 3 4 |  4.0
Earth Magic    | 1 2 3 4 |  4.0
Poison Magic   | 1 2 3 4 |  4.0
Invocations    | 1 2 3 4 5 |  5.4
Evocations     | 1 2 3 4 |  4.9
Dodging        | 5 6 |  6.8
Unarmed Combat | 7 8 |  8.3

Action                   |  1- 3 |  4- 6 |  7- 9 | 10-12 || total
-------------------------+-------+-------+-------+-------++-------
Melee: Unarmed           |    58 |   159 |   315 |    42 ||   574
       Kick              |     4 |       |       |       ||     4
       Bite              |     7 |     8 |    21 |     5 ||    41
       Punch             |     1 |       |    12 |       ||    13
 Cast: Beastly Appendage |     2 |       |       |       ||     2
       Spider Form       |     1 |    16 |    14 |       ||    31
       Blade Hands       |       |       |     6 |     2 ||     8
       Sticks to Snakes  |       |       |     6 |       ||     6
  Use: Scroll            |       |    11 |     8 |       ||    19
       Potion            |       |       |     1 |     1 ||     2
 Stab: Sleeping          |     1 |     4 |    10 |     2 ||    17
       Distracted        |       |     1 |     2 |       ||     3
  Eat: Chunk             |       |     6 |    10 |     2 ||    18
       Ration            |       |       |     1 |       ||     1
Armor: Robe              |     7 |     7 |    16 |     2 ||    32
       Skin              |       |     4 |     8 |       ||    12
Dodge: Dodged            |    31 |   142 |   246 |    48 ||   467
Block: Other             |       |       |     4 |       ||     4

Table legend:
 A = Non-vault XP
 B = Vault XP
 C = Vault XP percentage of total XP
 D = Non-vault monster count
 E = Vault monster count
 F = Vault count percentage of total count
                 A         B        C        D         E       F
            +---------+---------+-------+---------+---------+-------
      Total |    3717 |    1606 |  30.2 |     172 |      22 |  11.3
            +---------+---------+-------+---------+---------+-------
        D:1 |      33 |       0 |   0.0 |      14 |       0 |   0.0
        D:2 |      73 |     275 |  79.0 |      24 |      14 |  36.8
        D:3 |     148 |       0 |   0.0 |      29 |       0 |   0.0
        D:4 |     294 |       0 |   0.0 |      24 |       0 |   0.0
        D:5 |     220 |       0 |   0.0 |      11 |       0 |   0.0
        D:6 |    1023 |    1134 |  52.6 |      23 |       6 |  20.7
        D:7 |    1029 |       0 |   0.0 |      25 |       0 |   0.0
        D:8 |     897 |     197 |  18.0 |      22 |       2 |   8.3
            +---------+---------+-------+---------+---------+-------
